AoeStats
← EXILS_FERNANDO

Arena

510184462Analyzed
4v4 RM · 3d ago on Sep 29, 2026· 60m 4s· 8 players
Game mode
Random Map
Map size
Large (8 player)
Population
200
Speed
Normal
Resources
Standard
Victory
Conquest
Starting age
Dark Age
Ending age
Imperial Age
RankedLock teamsTeams togetherTeam positionsShared explorationLock speedFull tech treeHidden civsTurbo modeCheats
Victory
Defeat
🇺🇸 Danes · United States
1149
+15
🇮🇪 Bengalis · Ireland
1149
+15
🇺🇸 Varangians · United States
1118
+16
🇧🇴 Khmer · Bolivia
1099
+17
🇹🇷 Celts · Türkiye
1131
-16
🇨🇿 Georgians · Czechia
1130
-16
🇹🇷 Spanish · Türkiye
1125
-16
🇹🇷 Persians · Türkiye
1100
-15
İştirakî
11:16 Loom
13:25 Feudal Age
13:45 Double-Bit Axe
13:43 Horse Collar
18:52 Castle Age
17:38 Bloodlines
18:12 Forging
18:34 Scale Barding Armor
20:24 Bow Saw
20:23 Heavy Plow
24:03 Husbandry
24:36 Pikeman
27:40 Wheelbarrow
27:37 Husbandry
28:15 Iron Casting
28:57 Hand Cart
28:57 Gold Mining
30:02 Chain Barding Armor
33:39 Imperial Age
31:53 Gold Shaft Mining
35:00 Conscription
34:07 Cavalier
34:09 Heavy Camel Rider
36:24 Blast Furnace
37:54 Elite Skirmisher
38:29 Fletching
38:40 Padded Archer Armor
40:23 Savar
55:04 Halberdier
† Yatugrat †
10:47 Feudal Age
11:54 Horse Collar
12:03 Double-Bit Axe
13:53 Loom
18:31 Castle Age
18:27 Gold Mining
18:48 Pikeman
23:53 Scale Mail Armor
25:58 Gold Shaft Mining
25:40 Chain Mail Armor
29:30 Forging
34:36 Imperial Age
32:45 Wheelbarrow
31:57 Loom
32:42 Ballistics
32:26 Loom
33:26 Stone Mining
33:55 Hand Cart
33:55 Bow Saw
33:48 Heavy Plow
34:46 Capped Ram
35:23 Heavy Scorpion
37:51 Chemistry
37:13 Ballistics
37:58 Halberdier
40:01 Plate Mail Armor
39:48 Fortified Wall
41:39 Siege Engineers
43:25 Furor Celtica
50:56 Conscription
49:57 Elite Woad Raider
53:14 Iron Casting
60:29 Blast Furnace
gipsyking
11:40 Feudal Age
12:40 Double-Bit Axe
15:50 Castle Age
13:46 Horse Collar
14:33 Stone Mining
15:08 Gold Mining
16:22 Wheelbarrow
17:03 Bow Saw
18:14 Heavy Plow
27:39 Hand Cart
33:37 Imperial Age
34:28 Scale Barding Armor
34:34 Forging
34:50 Cavalier
35:31 Husbandry
35:42 Bloodlines
36:06 Conscription
36:10 Chain Barding Armor
35:51 Scale Mail Armor
37:51 Two-Man Saw
38:07 Iron Casting
38:40 Stone Shaft Mining
38:55 Plate Barding Armor
38:20 Scale Mail Armor
38:55 Plate Barding Armor
38:20 Scale Mail Armor
40:33 Blast Furnace
38:57 Paladin
39:33 Onager
42:11 Chain Mail Armor
50:59 Plate Mail Armor
52:34 Light Cavalry
56:28 Plate Mail Armor
Kovboj
10:48 Feudal Age
15:50 Castle Age
14:32 Double-Bit Axe
14:56 Horse Collar
17:36 Loom
21:47 Stone Mining
23:17 Scale Barding Armor
24:50 Forging
24:52 Bloodlines
25:38 Devotion
25:56 Bow Saw
26:21 Chain Barding Armor
26:55 Wheelbarrow
26:06 Town Watch
26:51 Husbandry
26:43 Fletching
28:26 Hand Cart
28:56 Iron Casting
28:34 Heavy Plow
30:38 Gold Mining
35:04 Imperial Age
34:45 Bodkin Arrow
36:20 Plate Barding Armor
36:28 Crop Rotation
38:25 Blast Furnace
37:22 Light Cavalry
38:28 Hussar
39:59 Bracer
40:26 Town Patrol
42:02 Conscription
42:57 Aznauri Cavalry
43:30 Elite Monaspa
43:58 Man-at-Arms
44:41 Scale Mail Armor
46:02 Murder Holes
46:28 Ballistics
47:09 Gambesons
47:41 Chain Mail Armor
48:55 Plate Mail Armor
47:48 Long Swordsman
48:43 Padded Archer Armor
49:20 Two-Handed Swordsman
50:05 Arson
50:21 Squires
51:00 Champion
56:38 Fortified Wall
60:49 Chemistry
60:15 Leather Archer Armor
PassinGrass5794
9:53 Feudal Age
13:59 Castle Age
13:30 Double-Bit Axe
13:52 Horse Collar
19:49 Bow Saw
21:19 Wheelbarrow
21:46 Stone Mining
23:13 Loom
24:15 Stone Shaft Mining
24:32 Heavy Plow
24:52 Hand Cart
25:22 Forging
25:17 Scale Barding Armor
25:53 Gold Mining
27:47 Iron Casting
27:33 Chain Barding Armor
30:41 Imperial Age
28:26 Bloodlines
28:16 Husbandry
29:58 Light Cavalry
32:00 Conscription
31:25 Hussar
33:24 Blast Furnace
33:18 Elite Jarl
37:14 Plate Barding Armor
40:55 Fortified Wall
40:56 Masonry
48:06 Caravan
52:20 Fletching
55:50 Capped Ram
56:57 Siege Ram
Morningstar
10:59 Feudal Age
15:08 Castle Age
13:09 Double-Bit Axe
13:47 Horse Collar
14:51 Gold Mining
16:07 Bow Saw
17:38 Heavy Plow
19:01 Wheelbarrow
21:08 Hand Cart
20:48 Loom
20:49 Town Watch
22:41 Stone Mining
26:03 Gold Shaft Mining
26:06 Stone Shaft Mining
28:27 Imperial Age
27:24 Fletching
27:35 Padded Archer Armor
27:57 Ballistics
28:19 Bloodlines
28:09 Husbandry
28:06 Bodkin Arrow
29:05 Masonry
29:04 Thumb Ring
29:31 Bracer
30:37 Chemistry
30:17 Murder Holes
31:15 Conscription
33:23 Leather Archer Armor
32:31 Cranequins
33:44 Heavy Mounted Crossbowman
35:28 Ring Archer Armor
35:10 Forging
34:58 Pikeman
35:38 Squires
35:39 Scale Mail Armor
35:39 Halberdier
37:59 Iron Casting
39:12 Siege Engineers
40:11 Chain Mail Armor
40:56 Blast Furnace
41:06 Arson
41:53 Plate Mail Armor
41:33 Onager
41:40 Northmen's Fury
42:54 Siege Onager
48:03 Hoardings
52:20 Caravan
52:21 Capped Ram
53:38 Elite Varangian Guard
58:15 Scale Barding Armor
57:57 Hamask
Conor :3
6:42 Loom
10:47 Feudal Age
14:52 Castle Age
12:49 Horse Collar
13:07 Double-Bit Axe
16:01 Bow Saw
19:33 Sanctity
20:33 Fervor
21:07 Ballistics
21:48 Redemption
24:36 Wheelbarrow
24:06 Heavy Plow
24:22 Devotion
25:31 Loom
25:33 Town Watch
29:24 Hand Cart
30:25 Fletching
31:14 Bodkin Arrow
31:20 Padded Archer Armor
33:20 Bloodlines
33:10 Husbandry
33:31 Leather Archer Armor
38:06 Imperial Age
38:34 Scale Mail Armor
38:45 Forging
37:56 Pikeman
38:36 Squires
38:52 Halberdier
40:11 Bracer
40:27 Chain Mail Armor
41:15 Ring Archer Armor
43:51 Chemistry
44:07 Siege Elephant
45:30 Paiks
46:34 Elite Elephant Archer
49:57 Iron Casting
49:28 Scale Barding Armor
52:47 Arson
54:48 Siege Engineers
EXILS_FERNANDO
12:41 Feudal Age
16:04 Castle Age
14:00 Horse Collar
14:17 Double-Bit Axe
14:38 Gold Mining
20:51 Imperial Age
20:24 Gold Shaft Mining
22:14 Bow Saw
24:10 Chemistry
25:38 Loom
Connection lost

Rejoining the realm…

Still unreachable

The connection could not be restored.

Session expired

The server has moved on; the page needs a fresh start.